[Event "*** Titled Tuesday Blitz"]
[Site "Chess.com"]
[Date "2019.03.05"]
[Round "3"]
[White "JSMastropiero"]
[Black "x-6099009240"]
[Result "1/2-1/2"]
[WhiteElo "2252"]
[BlackElo "2277"]
[TimeControl "180+2"]
[EndTime "13:43:36 PST"]
[Termination "Game drawn - insufficient material"]

1. Nf3 d5 2. g3 Nf6 3. Bg2 c5 4. O-O Nc6 5. d4 cxd4 6. Nxd4 e6 7. c4 Nxd4 8. Qxd4 dxc4 9. Qxd8+ Kxd8 10. Nd2 Rb8 11.
Nxc4 Nd7 12. Bf4 Ra8 13. Rfd1 f6 14. Rac1 e5 15. Be3 Bb4 16. a3 Be7 17. Na5 Ke8 18.
Nxb7 Rb8 19. Nd6+ Bxd6 20. Rxd6 Ke7 21. Rdc6 Bb7 22. Rc7 Bxg2 23. Kxg2 Rxb2 24. Rd1 Rd8 25. Bxa7 Rxe2 26. a4 Ra2 27. Bc5+ Ke8 28. Be3 Rxa4 29. Rb1 Raa8 30. Rbb7 Rac8 31. g4 Rxc7 32. Rxc7 Ke7 33. Kf3 Kd6 34. Ra7 Rc8 35. h4 Rc7 36. Rxc7 Kxc7 37.
Ke4 g6 38. Kd5 f5 39. gxf5 gxf5 40. Ke6 f4 41. Bd2 Kc6 42. Bc3 e4 43. Kf5 e3 44.
fxe3 f3 45. Be1 Nc5 46. Kf4 Nd3+ 47. Kxf3 Nxe1+ 48. Kg4 Kd6 49. Kg5 Ke6 50. Kh6 Kf7 51.
Kxh7 Nf3 52. Kh6 Kf6 53. e4 Ne5 54. Kh5 Kf7 55. Kg5 Ke6 56. h5 Nf7+ 57. Kg6 Ne5+ 58. Kg7 Ng4 59. h6 Nf6 60. h7 Nxh7 61. Kxh7 Ke5 62.
Kg6 Kxe4 1/2-1/2

[Event "*** Titled Tuesday Blitz"]
[Site "Chess.com"]
[Date "2019.03.05"]
[Round "3"]
[White "Gentlejimmy7"]
[Black "Lovkov_Roman"]
[Result "1-0"]
[WhiteElo "2380"]
[BlackElo "2581"]
[TimeControl "180+2"]
[EndTime "13:43:41 PST"]
[Termination "Gentlejimmy7 won by resignation"]

1. d4 d5 2. Nf3 e6 3. g3 c5 4. Bg2 Nc6 5. O-O Nf6 6. c4 Be7 7. cxd5 exd5 8. dxc5 Bxc5 9. a3 O-O 10. b4 Be7 11. Nc3 Bf5 12. Be3 Qd7 13. Nd4 Bh3 14.
Qd3 Ne5 15. Qb5 Nc6 16. Rfd1 Bxg2 17. Kxg2 a6 18. Qd3 Rfd8 19. Rac1 Rac8 20. Nxc6 Rxc6 21. Bd4 Qe6 22. Na4 Rc4 23. Nb6 Rc6 24. Bxf6 Bxf6 25. Rxc6 bxc6 26. Na4 Re8 27. e3 Be7 28. Rc1 h5 29.
Nc5 Bxc5 30. Rxc5 h4 31. h3 hxg3 32. Kxg3 Qe5+ 33. Kg2 Re6 34. Qxa6 Rg6+ 35. Kf1 Qa1+ 36. Ke2 Qb2+ 37. Kd3 Qxf2 38. Qc8+ Kh7 39. Rxc6 Qf1+ 40. Kd4 Qa1+ 41. Rc3 Qd1+ 42. Kc5 Qd2 43. Kb5 Qe2+ 44.
Ka5 Qd2 45. a4 d4 46. exd4 Qxd4 47. Qc5 Qd8+ 48. Qc7 Rg5+ 49. b5 Qa8+ 50. Kb4 Rf5 51. Rc4 Qf8+ 52. Ka5 Qa8+ 53. Kb6 Rf6+ 54. Rc6 Rf5 55.
a5 Qe8 56. a6 Qe3+ 57. Rc5 Qe6+ 58. Kb7 Qe4+ 59. Kb8 Qe8+ 60. Ka7 Qe3 61. Kb6 Rf6+ 62. Kb7 Re6 63. a7 Qe4+ 64. Rc6 Qd5 65. b6 Re8 66. a8=Q 1-0

[Event "*** Titled Tuesday Blitz"]
[Site "Chess.com"]
[Date "2019.03.05"]
[Round "3"]
[White "Saitama_Hero"]
[Black "BASSU1"]
[Result "0-1"]
[WhiteElo "2230"]
[BlackElo "2091"]
[TimeControl "180+2"]
[EndTime "13:43:45 PST"]
[Termination "BASSU1 won by resignation"]

1. d4 d5 2. c4 e6 3. Nf3 c6 4. Nc3 dxc4 5. a4 Bb4 6. e3 b5 7.
Bd2 a5 8. axb5 Bxc3 9. Bxc3 cxb5 10. b3 Bb7 11. bxc4 b4 12. Bb2 Nf6 13. Bd3 O-O 14.
O-O Ne4 15. Qc2 f5 16. c5 Bc6 17. Ne5 Bd5 18. f3 b3 19. Qd1 Nf6 20. Re1 a4 21. e4 fxe4 22. fxe4 Bb7 23. Bc4 Re8 24. d5 exd5 25.
exd5 Bxd5 26. Qd4 Bxc4 27. Qxc4+ Qd5 28. Qb5 Nbd7 29. Nxd7 Nxd7 30. Kh1 Reb8 31. Qe2 Nxc5 32. Qg4 Rb7 33. Re5 Nd3 34. Rxd5 Nf2+ 35. Kg1 Nxg4 36. Rd4 Ne5 37. Raxa4 Rxa4 38. Rxa4 Nd3 39. Ra8+ Kf7 40. Ba3 b2 41. Rf8+ Kg6 42. Bxb2 Rxb2 43. h3 Ne1 44. Kh2 Rxg2+ 45. Kh1 Rg3 46. Kh2 Rf3 47. Re8 Nd3 48. Re6+ Rf6 49. Re3 Nf4 50. Rg3+ Kf7 51. Rf3 h6 52.
Rc3 g5 53. Rc7+ Kg6 54. Rb7 Kh5 55. Kg3 Ne2+ 56. Kg2 Kh4 57. Rb4+ Nf4+ 58. Kh2 Re6 59. Rb3 Re2+ 60. Kg1 Nxh3+ 61. Kf1 Nf4 62. Rf3 Re6 63. Rf2 Kg3 64. Ra2 Re3 65. Rb2 Re1+ 66. Kxe1 Nd3+ 0-1

[Event "*** Titled Tuesday Blitz"]
[Site "Chess.com"]
[Date "2019.03.05"]
[Round "3"]
[White "kenta1234"]
[Black "kuli4ik"]
[Result "0-1"]
[WhiteElo "2599"]
[BlackElo "2778"]
[TimeControl "180+2"]
[EndTime "13:43:50 PST"]
[Termination "kuli4ik won by resignation"]

1. d4 d5 2. c4 c6 3. Nf3 Nf6 4. e3 Bg4 5. Nc3 e6 6. h3 Bh5 7.
g4 Bg6 8. Ne5 Nbd7 9. Nxg6 hxg6 10. Bg2 dxc4 11. Bd2 e5 12. d5 cxd5 13. Nxd5 Nc5 14.
Nxf6+ gxf6 15. Bc3 Be7 16. Qd5 Rc8 17. Ke2 Qxd5 18.
Bxd5 b5 19. Ba5 O-O 20. b3 Bd8 21. Bd2 cxb3 22. axb3 Bb6 23. h4 Rfd8 24. e4 Ne6 25. Rac1 Nd4+ 26. Kd3 Rxc1 27. Rxc1 Nxb3 28. Rc6 Nxd2 29.
Kxd2 Kg7 30. h5 gxh5 31. gxh5 Rh8 32. Rd6 Rxh5 33. Rd7 Rh2 34. Rxf7+ Kg6 35. Rf8 Rxf2+ 36.
Kd3 Rf3+ 37. Ke2 Re3+ 38. Kd2 Ra3 39. Rg8+ Kh5 40. Be6 Be3+ 41. Kc2 b4 42. Bg4+ Kh4 43. Be6 a5 44. Rb8 Kg3 45. Bf5 Bd4 46. Rg8+ Kf2 47. Rb8 Ke3 48. Rb7 Rc3+ 49. Kb1 Bc5 50. Rh7 a4 51.
Rh3+ Kd2 52. Rh2+ Kd3 53. Rh3+ Be3 54. Bh7 a3 55. Ka2 Kd4 56. Rh1 Rc2+ 57. Kb3 Rb2+ 58. Ka4 a2 59. Rd1+ Bd2 60. Bg8 Kc3 61. Rf1 b3 62.
Rf3+ Kd4 63. Rf1 Rb1 0-1

[Event "*** Titled Tuesday Blitz"]
[Site "Chess.com"]
[Date "2019.03.05"]
[Round "3"]
[White "cheese111"]
[Black "Man-Chuk"]
[Result "0-1"]
[WhiteElo "2441"]
[BlackElo "2773"]
[TimeControl "180+2"]
[EndTime "13:43:50 PST"]
[Termination "Man-Chuk won on time"]

1. e4 c6 2. d4 d5 3. e5 Bf5 4. g4 Be4 5. f3 Bg6 6. e6 fxe6 7. h4 h5 8. Bd3 Bxd3 9. Qxd3 hxg4 10. fxg4 Nf6 11.
Qg6+ Kd7 12. Nf3 Qe8 13. Ne5+ Kc8 14. g5 Qxg6 15. Nxg6 Rg8 16. gxf6 exf6 17. Bf4 Nd7 18. Nd2 Kd8 19. Kf2 Ke8 20. Rae1 Kf7 21. h5 Bb4 22. c3 Ba5 23. Nf3 c5 24. Bd2 Rac8 25. Rc1 b5 26. Kg2 Bb6 27. Rhf1 Rge8 28. Rce1 Kg8 29. Nf4 Nf8 30.
Be3 cxd4 31. cxd4 Rc2+ 32. Rf2 Rec8 33. Rxc2 Rxc2+ 34. Re2 Rc6 35. Kf2 a5 36. Ke1 a4 37.
Kd1 Bc7 38. Rc2 Rxc2 39. Kxc2 Kf7 40. Nd3 Nd7 41. Bf4 Ba5 42. Bd6 Bb6 43. b3 g5 44.
hxg6+ Kxg6 45. Nc5 Bxc5 46. dxc5 e5 47. c6 Nb6 48. Bc5 Nc8 49. bxa4 bxa4 50. Kd2 Kf5 51. Ke3 Ke6 52. Nd2 d4+ 53. Kd3 Kd5 54. Bb4 Kxc6 55.
Ke4 Nb6 56. Be7 Nd5 57. Bd8 Nc3+ 58. Kd3 Kd5 59. Bxf6 Nxa2 60. Kc2 e4 61. Bg7 Nb4+ 62. Kd1 e3 63. Nf3 d3 64. Bc3 Nc2 65. Ne1 Nxe1 66.
Kxe1 a3 0-1

[Event "*** Titled Tuesday Blitz"]
[Site "Chess.com"]
[Date "2019.03.05"]
[Round "3"]
[White "diskeleven"]
[Black "BlackBoarder"]
[Result "1-0"]
[WhiteElo "2283"]
[BlackElo "2537"]
[TimeControl "180+2"]
[EndTime "13:43:51 PST"]
[Termination "diskeleven won by resignation"]

1. d4 e6 2. c4 Nf6 3. Nc3 Bb4 4. Nf3 b6 5. Bd2 O-O 6. e3 c5 7. a3 Bxc3 8. Bxc3 Ne4 9. Rc1 Bb7 10. Bd3 Nxc3 11. Rxc3 Nc6 12. O-O cxd4 13. exd4 d5 14. c5 Rc8 15. b4 a6 16. Re1 b5 17. Bb1 a5 18. Rb3 axb4 19. axb4 g6 20. Qd2 Kg7 21. Ne5 Ra8 22. Rh3 h5 23. Rg3 h4 24.
Rg4 Nxe5 25. Rxe5 Qf6 26. Rf4 Qe7 27. Qc3 Bc6 28. Re1 Ra7 29. Qh3 Rh8 30. Qc3 Qg5 31. g3 hxg3 32. fxg3 Rha8 33. Ref1 f5 34. Qe3 Qf6 35. Rh4 g5 36. Rh5 Kg6 37. g4 Ra1 38. Qxe6 Qxe6 39. Bxf5+ Kf6 40. Rh6+ Kg7 41. Rxe6 Rxf1+ 42. Kxf1 Ra1+ 43. Kf2 Ra2+ 44. Kg3 Ra3+ 45. Kf2 Ra2+ 46.
Re2 Ra4 47. Rb2 Kf6 48. Rb3 Ra2+ 49. Kg3 Rd2 50. Rd3 Rb2 51. Re3 Kf7 52. h4 gxh4+ 53.
Kxh4 Rxb4 54. Re6 Bd7 55. Rb6 Bxf5 56. gxf5 Rxd4+ 57. Kg5 b4 58. c6 Rc4 59. Rb7+ Kg8 60. c7 b3 61. Rb8+ Kf7 62. c8=Q Rxc8 63. Rxc8 d4 64.
Rc7+ Ke8 65. f6 d3 66. Rc1 Kf7 67. Rb1 d2 68. Kf5 b2 69. Ke4 Kxf6 70. Kd3 Ke5 71. Kxd2 Kd4 72. Kc2 1-0

[Event "*** Titled Tuesday Blitz"]
[Site "Chess.com"]
[Date "2019.03.05"]
[Round "3"]
[White "FrenchandSlav"]
[Black "davidarenas1224"]
[Result "1/2-1/2"]
[WhiteElo "2273"]
[BlackElo "2505"]
[TimeControl "180+2"]
[EndTime "13:43:51 PST"]
[Termination "Game drawn - insufficient material"]

1. d4 Nf6 2. c4 e6 3. Nc3 d5 4. cxd5 exd5 5. Bg5 c6 6. e3 Bd6 7. Bd3 Nbd7 8. Nge2 Nf8 9. O-O Ng6 10. f3 O-O 11. e4 dxe4 12. fxe4 Be7 13. e5 Nd5 14. Bxe7 Qxe7 15.
Nxd5 cxd5 16. Bxg6 hxg6 17. Qd2 Bf5 18. Rf2 Rac8 19.
Nc3 Be6 20. Raf1 g5 21. Rf3 Rc4 22. Rg3 g4 23. b3 Rc6 24. Rd3 a6 25. Ne2 Rfc8 26.
Rc1 Rxc1+ 27. Nxc1 Qc7 28. Ne2 Qc2 29. Kf2 Bf5 30.
Qxc2 Rxc2 31. Rc3 Rxa2 32. Ke3 Rc2 33. Rxc2 Bxc2 34. b4 Be4 35. g3 Kf8 36. Nc3 Bf3 37. h4 Ke7 38. Kf4 Kd7 39. Na4 Kc6 40. Nc5 Kb5 41. e6 fxe6 42. Nxe6 Kxb4 43. Nxg7 a5 44. h5 a4 45. h6 a3 46. h7 a2 47. h8=Q a1=Q 48.
Ne6 Qc1+ 49. Ke5 Qe1+ 50. Kd6 Qxg3+ 51. Kd7 Qe1 52. Qc8 b6 53. Qc6 g3 54. Qxb6+ Kc4 55. Qc5+ Kb3 56. Nf4 Bg4+ 57. Kd8 Qb4 58. Qxd5+ Qc4 59.
Qg2 Qxd4+ 60. Nd5 Qd3 61. Ke7 Bf3 62. Qxg3 Qxd5 63. Qd6 Qe4+ 64. Qe6+ Qxe6+ 65. Kxe6 1/2-1/2

[Event "*** Titled Tuesday Blitz"]
[Site "Chess.com"]
[Date "2019.03.05"]
[Round "3"]
[White "LearningChess2019"]
[Black "Romn69"]
[Result "1-0"]
[WhiteElo "2360"]
[BlackElo "2230"]
[TimeControl "180+2"]
[EndTime "13:43:54 PST"]
[Termination "LearningChess2019 won by resignation"]

1. e4 c5 2. Nc3 Nc6 3. Bb5 Nd4 4. Nf3 g6 5. Bc4 Bg7 6. Nxd4 cxd4 7. Qf3 Nf6 8. e5 dxc3 9. dxc3 O-O 10. exf6 Bxf6 11. Bh6 Bg7 12. Bxg7 Kxg7 13. O-O-O d6 14. g4 Qc7 15.
Bd3 Be6 16. h4 h6 17. h5 g5 18. Qe4 Rh8 19. f4 gxf4 20. Qxf4 Qc5 21. Kb1 Qg5 22. Qd4+ Qf6 23. Qe3 Qg5 24. Qd4+ Qf6 25. Qa4 Rhg8 26. Rdf1 Qg5 27. Bf5 Kh8 28. Bxe6 fxe6 29.
Rf7 Rg7 30. Rxg7 Qxg7 31. Qe4 e5 32. Qxb7 Rf8 33. b3 Qxg4 34. Qxe7 Qf5 35. Qxd6 Rf6 36.
Qd8+ Rf8 37. Qd6 Rf6 38. Qb8+ Kh7 39. Qxa7+ Rf7 40. Qe3 e4 41. c4 Qf3 42. Qe1 e3 43. Rh2 Re7 44. Re2 Qe4 45. Qd1 Qe5 46. Qd3+ Kg7 47. c3 Qxh5 48. Rxe3 Rxe3 49. Qxe3 Qd1+ 50.
Kb2 h5 51. c5 h4 52. Qg5+ Kf7 53. Qf5+ Ke7 54. Qg5+ Kd7 55. Qxh4 Qd2+ 56. Ka3 Qxc3 57. Qc4 Qd2 58. Qb5+ Kc8 59. Qc6+ Kb8 60. Qd6+ Ka8 61. Qxd2 1-0

[Event "*** Titled Tuesday Blitz"]
[Site "Chess.com"]
[Date "2019.03.05"]
[Round "3"]
[White "Blitzstream"]
[Black "AkibaRubi"]
[Result "1-0"]
[WhiteElo "2568"]
[BlackElo "2576"]
[TimeControl "180+2"]
[EndTime "13:43:55 PST"]
[Termination "Blitzstream won by resignation"]

1. e4 e5 2. Nf3 Nc6 3. d4 exd4 4. Nxd4 Bc5 5. Nb3 Bb6 6. Nc3 Nf6 7. Bg5 h6 8. Bh4 O-O 9. Bd3 g5 10. Bg3 d5 11. Nxd5 Nxd5 12. exd5 Re8+ 13. Kf1 Nb4 14. h4 Qxd5 15. hxg5 Nxd3 16. cxd3 Qxg5 17. Qh5 Bf5 18. Qxh6 Bxd3+ 19. Kg1 Qxh6 20. Rxh6 Re2 21. Rd1 Bf5 22. Rd5 Kg7 23. Rh4 Re1+ 24. Kh2 Bg6 25. Be5+ Rxe5 26. Rxe5 Bxf2 27. Rh3 Rd8 28. Re7 Bb6 29. a4 a5 30.
Re5 c6 31. Re7 Rb8 32. Rf3 Kf8 33. Rd7 Ke8 34. Rd1 Bc7+ 35. g3 Bc2 36. Rd2 Be4 37. Re3 f5 38. Nc5 Bb6 39. Rc3 Bxc5 40. Rxc5 Ke7 41.
g4 Ke6 42. gxf5+ Bxf5 43. Re2+ Kf6 44. Rf2 Rh8+ 45. Kg3 Rg8+ 46. Kh2 Rg5 47. Rxa5 Rh5+ 48.
Kg1 Rg5+ 49. Rg2 Rh5 50. Kf2 Ke6 51. Ke1 Rh1+ 52. Kd2 Be4 53. Re2 Rh4 54. Ra7 b5 55.
axb5 cxb5 56. Ra5 Kd5 57. Rxb5+ Kc4 58. Rb8 Bd5 59. b3+ Kc5 60. Re5 Kd4 61. Re2 Rh3 62. Kc2 Rc3+ 63. Kb2 Rd3 64. Rc2 Rh3 65. Rb4+ Ke5 66. Rb5 Ke6 67. Re2+ Kd6 68. Rd2 Rh5 69. Ka3 Kc6 70. Rbxd5 Rxd5 71. Rxd5 Kxd5 72. Ka4 1-0

[Event "*** Titled Tuesday Blitz"]
[Site "Chess.com"]
[Date "2019.03.05"]
[Round "3"]
[White "Yurovskykh_Oleksandr"]
[Black "Grieve72"]
[Result "0-1"]
[WhiteElo "2512"]
[BlackElo "2356"]
[TimeControl "180+2"]
[EndTime "13:43:58 PST"]
[Termination "Grieve72 won by checkmate"]

1. d4 d5 2. Bf4 e6 3. e3 Nf6 4. Nd2 Bd6 5. Bg3 O-O 6. Ngf3 b6 7.
Bd3 c5 8. c3 Bb7 9. Qe2 Ne4 10.
Bxd6 Qxd6 11. Bxe4 dxe4 12. Ng5 f5 13. Nc4 Qe7 14.
Qh5 h6 15. h4 Nd7 16. Qg6 hxg5 17. hxg5 Bd5 18. Qh5 g6 19. Qh8+ Kf7 20. Rh7+ Ke8 21. Rxe7+ Kxe7 22. Qh7+ Rf7 23. Qxg6 Bxc4 24. b3 Rh8 25.
bxc4 Nf8 26. Qh6 Rxh6 27. gxh6 Kd6 28. Ke2 Rh7 29. Rh1 Nd7 30. a4 Nf6 31. f3 Ng8 32.
a5 Rxh6 33. Ra1 Rg6 34. axb6 axb6 35. Kf2 Nf6 36. Ra7 Nd7 37. Ra8 exf3 38. gxf3 Rh6 39. Kg2 Rg6+ 40. Kf2 Kc6 41. Rc8+ Kd6 42. Rd8 Kc7 43.
Re8 Rh6 44. Kg2 Kd6 45. Rd8 Rf6 46. Kg3 Kc7 47. Re8 Rh6 48. Kg2 Rg6+ 49. Kf2 Rf6 50. Re7 Kd6 51. Re8 Rf8 52. Rxf8 Nxf8 53. e4 Ng6 54. Kg3 fxe4 55. fxe4 e5 56. d5 Nh8 57. Kg4 Nf7 58. Kf5 Nd8 59. Kg4 Nb7 60. Kf3 Na5 61.
Ke3 Nxc4+ 62. Kd3 Na5 63. c4 Kc7 64. Kc3 Nb7 65. Kb3 Nd6 66. Ka4 Nxe4 67. Kb5 Nd6+ 68. Ka6 e4 69. Ka7 e3 70. Ka8 e2 71. Ka7 e1=Q 72. Ka8 Qa1# 0-1

[Event "*** Titled Tuesday Blitz"]
[Site "Chess.com"]
[Date "2019.03.05"]
[Round "3"]
[White "Maili15"]
[Black "PaulfromSPb"]
[Result "0-1"]
[WhiteElo "2272"]
[BlackElo "2603"]
[TimeControl "180+2"]
[EndTime "13:44:01 PST"]
[Termination "PaulfromSPb won by resignation"]

1. d4 Nf6 2. c4 e6 3. Nc3 Bb4 4. e3 O-O 5. Bd3 c5 6. Nf3 d5 7. O-O Bxc3 8. bxc3 Nc6 9. Qe2 dxc4 10. Bxc4 Qc7 11. Rd1 Na5 12. Bd3 Bd7 13. Ba3 b6 14. e4 Bc6 15. dxc5 bxc5 16. Bxc5 Ba4 17. Bxf8 Bxd1 18.
Rxd1 Rxf8 19. Qc2 Nd7 20. Bb5 Nc5 21. e5 a6 22. Be2 Nc6 23. Ng5 g6 24. Ne4 Nxe4 25.
Qxe4 Qxe5 26. Qxe5 Nxe5 27. Bxa6 Ra8 28. Rd6 Rb8 29. f4 Ng4 30. Rd2 Rb1+ 31. Bf1 Ne3 32. Rf2 Rc1 33. Rf3 Rxc3 34. h3 Ra3 35. Kf2 Nd1+ 36.
Ke1 Nc3 37. Bc4 Kg7 38. Kf2 Ne4+ 39. Ke2 Ra4 40. Bb3 Ra5 41. Re3 Nc5 42. Kf3 h5 43.
Rc3 Kf6 44. g4 hxg4+ 45. hxg4 Ke7 46. g5 Kd6 47. Rc4 Ra3 48. Rb4 Kc6 49. Ke3 Ra7 50. Kd4 Rd7+ 51. Ke3 Rd3+ 52. Ke2 Rh3 53. Rc4 Kb5 54.
Rd4 Kc6 55. Ba4+ Kc7 56. Bb5 Ra3 57. Rd2 Ne4 58. Rc2+ Kd6 59. Bd3 Nc5 60. Rd2 Kc6 61. Bc4 Ra4 62. Rc2 Kd6 63. Bb3 Rxf4 64. Rd2+ Kc6 65. Rc2 Kb5 66. Ke3 Rf5 67. Rg2 Nxb3 68. axb3 Kb4 69. Rg3 Kxb3 70. Ke4+ Kc4 71. Rg4 Kc5 72. Rg3 Kd6 73. Rd3+ Rd5 74. Rg3 Re5+ 75. Kf4 Rd5 76. Re3 Rd4+ 77. Kf3 e5 78. Re1 Ke6 79. Ke3 Kf5 80. Rg1 Rg4 81. Rf1+ Rf4 82. Rg1 e4 83.
Rg2 Rf3+ 84. Ke2 Ke5 85. Rg4 Kd4 86. Rg2 Ra3 87. Rg4 Ra2+ 88. Ke1 Ke3 89. Rg3+ Kf4 0-1

[Event "*** Titled Tuesday Blitz"]
[Site "Chess.com"]
[Date "2019.03.05"]
[Round "3"]
[White "Jbd735"]
[Black "Orange_Ghost"]
[Result "0-1"]
[WhiteElo "2471"]
[BlackElo "2554"]
[TimeControl "180+2"]
[EndTime "13:44:07 PST"]
[Termination "Orange_Ghost won on time"]

1. d4 Nf6 2. Nf3 g6 3. Bg5 Bg7 4. c4 O-O 5. Nc3 d5 6. Bxf6 Bxf6 7. cxd5 c5 8. dxc6 Nxc6 9. e3 Qa5 10. Qd2 Rd8 11. Ne4 Qxd2+ 12. Nfxd2 Bg7 13. f4 Nb4 14. Kf2 Be6 15. a3 Nd5 16. Nc5 Bc8 17.
Bc4 b6 18. Nce4 Bb7 19. Rac1 Rac8 20. Bb3 Bf8 21. h4 h5 22. Ng5 e6 23. Ndf3 Bd6 24.
Rhg1 Nf6 25. Ne5 Bxe5 26. fxe5 Ng4+ 27. Ke2 Ba6+ 28. Kf3 Bb7+ 29. Kf4 Ba6 30. Ne4 Kg7 31.
Nd6 Rxc1 32. Rxc1 Rd7 33. Ba4 Re7 34. Rc3 f6 35. Ne8+ Kf7 36. Nxf6 Nxf6 37. exf6 Kxf6 38. e4 Bb7 39. g3 Rf7 40. Ke3 Kg7 41. Bc6 Bc8 42.
d5 exd5 43. exd5 Kf6 44. Kd4 Ke7 45. Re3+ Kd6 46. Re8 Bg4 47. Rg8 Bf5 48. Rd8+ Kc7 49.
Re8 Kd6 50. b4 Bg4 51. Rd8+ Kc7 52. Rg8 Bf5 53. Ke5 Re7+ 54. Kf6 Re3 55. Rg7+ Kd6 56. Rxa7 Rxg3 57. a4 Rf3 58. Kg5 Rg3+ 59. Kf6 Rb3 60. a5 bxa5 61. bxa5 Bc8 62. Ra8 Rf3+ 63. Kxg6 Bf5+ 64.
Kxh5 Rg3 65. a6 Ke5 66. a7 Kf4 67. Rf8 Rg7 0-1

[Event "*** Titled Tuesday Blitz"]
[Site "Chess.com"]
[Date "2019.03.05"]
[Round "3"]
[White "SARGISMV"]
[Black "Arystanner"]
[Result "0-1"]
[WhiteElo "2429"]
[BlackElo "2651"]
[TimeControl "180+2"]
[EndTime "13:44:08 PST"]
[Termination "Arystanner won by checkmate"]

1. d4 Nf6 2. c4 e6 3. Nc3 Bb4 4. e3 b6 5. Ne2 Ne4 6. Qc2 Bb7 7. a3 Bxc3+ 8. Nxc3 Nxc3 9. Qxc3 a5 10. b3 O-O 11.
Bb2 d6 12. Bd3 Bxg2 13. Rg1 Bf3 14. Rg3 Bh5 15. f4 Nd7 16. Rg5 Bg6 17. O-O-O Bxd3 18. Qxd3 f6 19. Rg3 Rf7 20. Rdg1 Nf8 21. h4 Qe7 22. h5 h6 23. Qe2 Re8 24. Qg2 Kh8 25.
Kb1 Qd7 26. Ka2 a4 27. b4 d5 28. c5 b5 29. c6 Qe7 30. Qe2 Rb8 31. Rc1 Qd6 32.
Rc5 Rb6 33. Rxb5 Qxc6 34. Rc5 Qd6 35. Qc2 f5 36. Qxa4 Nd7 37. Rc1 Nf6 38. Rg6 Nxh5 39. Qe8+ Rf8 40. Rxh6+ gxh6 41. Qxh5 Rf6 42. Rg1 Rb8 43.
Bc3 Qc6 44. Kb2 Rg8 45. Rxg8+ Kxg8 46. Qh4 Kf7 47. Qh5+ Rg6 48. Qh4 Qd7 49. Kb3 Qe7 50. Qh5 Kg7 51. a4 c6 52. a5 Rg1 53. Qe2 Qb7 54.
Qh2 Rg4 55. Qh5 Qa6 56. Qe8 Qc4+ 57. Ka4 Qxc3 58. Qe7+ Kg6 59. Qe8+ Kf6 60. Qf8+ Kg6 61. Qe8+ Kh7 62. Qxe6 Qc2+ 63. Ka3 Qc1+ 64. Ka4 Qc2+ 65. Ka3 Rg7 66. a6 Qc1+ 67. Ka4 Qa1+ 68. Kb3 Qb1+ 69. Ka4 Qc2+ 70. Ka3 h5 71. Qf6 Qc1+ 72. Ka4 Qa1+ 73. Kb3 Qb1+ 74. Ka4 Qa2# 0-1

[Event "*** Titled Tuesday Blitz"]
[Site "Chess.com"]
[Date "2019.03.05"]
[Round "3"]
[White "TreinadorBR"]
[Black "PlotnikovPavel"]
[Result "0-1"]
[WhiteElo "2219"]
[BlackElo "2376"]
[TimeControl "180+2"]
[EndTime "13:44:10 PST"]
[Termination "PlotnikovPavel won on time"]

1. e4 e6 2. d4 d5 3. Nd2 Be7 4. Bd3 dxe4 5. Nxe4 Nf6 6. Ng5 h6 7. Ne4 Nbd7 8. Nf3 c5 9. dxc5 Nxc5 10. Nxc5 Bxc5 11. O-O O-O 12. Qe2 b6 13. Bf4 Bb7 14.
Rad1 Qe7 15. c3 a5 16. a3 a4 17. Ne5 Rfd8 18. Qc2 Bd5 19. c4 Bb7 20. Bg3 Rd4 21.
Nf3 Bxf3 22. gxf3 Rad8 23. Rd2 Qd7 24. Rfd1 Qb7 25. Be5 Qxf3 26. Bxd4 Qg4+ 27. Kf1 Rxd4 28. Be2 Qh3+ 29. Ke1 e5 30. Rxd4 Bxd4 31. Qxa4 Qxh2 32.
Qa8+ Kh7 33. Qf3 Qg1+ 34. Bf1 h5 35. b4 Ng4 36. Rxd4 exd4 37. Qg2 Qxg2 38. Bxg2 Ne5 39.
Bd5 Kg6 40. a4 Kf6 41. Kd2 Ke7 42. a5 bxa5 43. bxa5 Kd6 44. a6 Nd7 45. a7 Nb6 46.
a8=Q Nxa8 47. Bxa8 Kc5 48. Kd3 f6 49. Be4 g5 50. Bf5 g4 51. Be6 Kd6 52. Bf5 Ke5 53. Be4 f5 54. Bg2 f4 55. Be4 f3 56. Bb7 h4 57. Kd2 h3 58. Bxf3 gxf3 0-1

[Event "*** Titled Tuesday Blitz"]
[Site "Chess.com"]
[Date "2019.03.05"]
[Round "3"]
[White "vinniethepooh"]
[Black "GrigorGrigorov"]
[Result "0-1"]
[WhiteElo "2479"]
[BlackElo "2829"]
[TimeControl "180+2"]
[EndTime "13:44:11 PST"]
[Termination "GrigorGrigorov won by checkmate"]

1. d4 Nf6 2. c4 e6 3. Nc3 Bb4 4. e3 O-O 5. Bd3 d5 6. Nf3 c5 7. O-O cxd4 8. exd4 dxc4 9. Bxc4 b6 10. Bg5 Bb7 11.
Qe2 Nbd7 12. Ne5 Bxc3 13. bxc3 Rc8 14. Bb3 Qc7 15. Nxd7 Qxd7 16. Bxf6 gxf6 17. Qg4+ Kh8 18. Qh4 Qd8 19. d5 Rg8 20. Rad1 Rxc3 21. f3 e5 22. Kh1 Qd6 23. Qe4 Bc8 24. Rc1 f5 25. Qh4 Rxc1 26. Rxc1 Bd7 27. h3 a5 28. Qc4 Rc8 29.
Qf1 Rxc1 30. Qxc1 a4 31. Bc2 h6 32. Qd1 b5 33. Qd2 Kg7 34. Qd1 f4 35. Qd3 f5 36.
Qd2 Kf6 37. Kh2 Qc5 38. Bd1 Ke7 39. Be2 Kd6 40. Qa5 Qxd5 41. Qb6+ Qc6 42. Qd8 Qc7 43. Qf6+ Kc5 44. Qf8+ Qd6 45. Qa8 Kd4 46. Qa7+ Kc3 47. Qa5+ b4 48. Qa7 Kb2 49. Bc4 Qd4 50. Qa6 Kc3 51.
Bb5 Bxb5 52. Qxb5 b3 53. axb3 axb3 54. Qc6+ Kd2 55. Qb5 b2 56. Qb3 e4 57. fxe4 fxe4 58. Qb8 e3 59. g3 f3 60. Qf8 b1=Q 61. Qxf3 e2 62. g4 Qbg1# 0-1

[Event "*** Titled Tuesday Blitz"]
[Site "Chess.com"]
[Date "2019.03.05"]
[Round "3"]
[White "ChessWarrior7197"]
[Black "Poghosyan_Suren"]
[Result "1/2-1/2"]
[WhiteElo "2850"]
[BlackElo "2483"]
[TimeControl "180+2"]
[EndTime "13:44:19 PST"]
[Termination "Game drawn by agreement"]

1. e4 e6 2. d4 d5 3. Bd3 dxe4 4. Bxe4 Nf6 5. Bf3 c5 6. Ne2 Nc6 7. Be3 cxd4 8. Nxd4 Nxd4 9. Qxd4 Qxd4 10. Bxd4 Be7 11. Nc3 O-O 12. O-O-O a6 13. Na4 Nd7 14. Nb6 Nxb6 15. Bxb6 e5 16. Rhe1 f6 17. Re3 Be6 18.
Bd5 Kf7 19. f4 Bxd5 20. Rxd5 Ke6 21. Rd1 Rac8 22. Rde1 Bd6 23. fxe5 fxe5 24. Bd4 Rf5 25. g4 Rg5 26. h3 h5 27. Re4 hxg4 28. hxg4 Rc4 29.
b3 Rc7 30. Be3 Rg6 31. g5 Kf5 32. Bd2 Rd7 33. R4e2 Re6 34. Bc3 e4 35. Kb2 Bf4 36. Rf1 Kg4 37. Rg2+ Kh3 38. Rgg1 Bh2 39. Rh1 Kg2 40. Re1 e3 41. g6 e2 42. a4 Rxg6 43. Rxh2+ Kxh2 44. Rxe2+ Rg2 45. Re6 g5 46. Be5+ Kh3 47.
Rb6 Kg4 48. a5 Kf5 49. Bb8 g4 50. Rb4 Rdd2 51. Rxb7 Rxc2+ 52. Ka3 g3 53. Rf7+ Ke6 54.
Rg7 Rc3 55. Kb4 Rf3 56. Rg6+ Kd7 57. Rxa6 Re2 58. Rg6 g2 59. Ba7 Rf4+ 60. Ka3 Rf1 61. Bb6 Ra1+ 62. Kb4 Rb1 63. Kc4 Rc2+ 64. Kd3 Ra2 65.
Kc3 Ra3 66. Rxg2 Raxb3+ 67. Kc4 Rxb6 68. axb6 Rxb6 69. Kc5 Rf6 70. Re2 Rf5+ 71. Kd4 Kd6 72. Ra2 Rf4+ 1/2-1/2

[Event "*** Titled Tuesday Blitz"]
[Site "Chess.com"]
[Date "2019.03.05"]
[Round "3"]
[White "eljanov"]
[Black "Vuk2000"]
[Result "1/2-1/2"]
[WhiteElo "2759"]
[BlackElo "2740"]
[TimeControl "180+2"]
[EndTime "13:44:29 PST"]
[Termination "Game drawn - insufficient material"]

1. e4 e6 2. d4 d5 3. Nc3 Bb4 4. e5 c5 5. a3 Bxc3+ 6. bxc3 Ne7 7. Qg4 Qc7 8. Qxg7 Rg8 9. Qxh7 cxd4 10. Ne2 Nbc6 11.
Qd3 Nxe5 12. Qxd4 N5c6 13. Qe3 e5 14. Ng3 Nf5 15. Qc5 Qd6 16. Be3 b6 17. Qxd6 Nxd6 18. O-O-O Be6 19. Ba6 Rd8 20. Rhe1 f5 21. f4 e4 22. Bf1 Na5 23. Bd4 Ndc4 24. a4 Kf7 25. Be2 a6 26. Bxc4 Nxc4 27. Nf1 Rxg2 28. Ne3 Rxh2 29.
Nxc4 dxc4 30. Bxb6 Rg8 31. Rg1 Rg4 32. Be3 Re2 33. Rxg4 fxg4 34. Bd4 g3 35. Rd2 Re1+ 36.
Rd1 Re2 37. Rd2 Bg4 38. Rxe2 Bxe2 39. a5 Ke6 40. Kd2 Bf3 41. Ke1 Kf5 42. Be3 Bg2 43. Ke2 Kg4 44. Bd2 Bh3 45. Be3 Bg2 46. Bd2 Kh3 47. f5 Bf3+ 48. Ke1 g2 49. Be3 Kh2 50. f6 Bh5 51. Kd2 g1=Q 52. Bxg1+ Kxg1 53. Ke3 Kf1 54. Kxe4 Ke2 55. Kd4 Bf7 56. Kc5 Kd2 57. Kb6 Kxc2 58.
Kxa6 Kxc3 59. Kb6 Kd4 60. a6 c3 61. a7 c2 62. a8=Q c1=Q 63. Qd8+ Bd5 64. Qd6 Qb2+ 65.
Kc7 Qb7+ 66. Kd8 Qa8+ 67. Ke7 Qb7+ 68. Qd7 Qb4+ 69. Qd6 Qe1+ 70. Kd8 Qa5+ 71. Ke7 Ke4 72. f7 Qa7+ 73. Qd7 Qc5+ 74. Qd6 Qxd6+ 75. Kxd6 Bxf7 1/2-1/2